 Dungeon Crawl Stone Soup version 0.29-a0-82-g837932c90e (webtiles) character file.

Game seed: 8609680974577427370

673 fragbeetle the Chopper (level 7, 0/57 HPs)
             Began as a Hill Orc Cinder Acolyte on Feb 4, 2022.
             Was a High Priest of Ignis.
             Slain by a centaur (2 damage)
             ... on level 5 of the Dungeon.
             The game lasted 00:09:28 (6709 turns).

fragbeetle the Chopper (Hill Orc Cinder Acolyte)    Turns: 6709, Time: 00:09:29

Health: 0/57       AC: 10    Str: 19    XL:     7   Next: 59%
Magic:  5/10       EV: 11    Int: 14    God:    Ignis [*****.]
Gold:   204        SH:  0    Dex:  6    Spells: 6/11 levels left

rFire   + . .      SeeInvis .   A - +2 flail (protect)
rCold   . . .      Faith    .   (no shield)
rNeg    . . .      Spirit   .   r - +0 leather armour of Cueq {Will+}
rPois   .          Reflect  .   (no helmet)
rElec   .          Harm     .   (no cloak)
rCorr   +          Rampage  .   (no gloves)
Will    +....                   (no boots)
Stlth   +.........              (no amulet)
HPRegen 0.19/turn               f - ring of resist corrosion
MPRegen 0.12/turn               (no ring)

@: under a protective aura
A: no striking features
a: Renounce Religion, Fiery Armour, Foxfire Swarm, Rising Flame


You were on level 5 of the Dungeon.
You worshipped Ignis.
Ignis was extremely pleased with you.
You visited 2 branches of the dungeon, and saw 6 of its levels.
You also visited: Sewer.

You collected 204 gold pieces.

Inventory:

Hand Weapons
 a - a -1 hand axe of flaming
 c - a +1 dagger of draining
 k - a +1 dagger of venom
 v - a +0 scimitar of holy wrath
 A - a +2 flail of protection (weapon)
Missiles
 o - 7 boomerangs
 w - a curare-tipped dart
Armour
 b - a +0 robe
 d - a +0 ring mail
 r - the +0 leather armour of Cueq (worn) {Will+}
   (You found it on level 3 of the Dungeon)

   Will:      It increases your willpower.
Jewellery
 f - a ring of resist corrosion (left hand)
Wands
 E - a wand of digging (6)
Scrolls
 h - a scroll of amnesia {unknown}
 j - a scroll of summoning {unknown}
 l - a scroll of magic mapping {unknown}
 p - a scroll of identify {unknown}
 q - 3 scrolls of teleportation {unknown}
 u - a scroll of fog {unknown}
 x - 2 scrolls of enchant weapon {unknown}
 y - 2 scrolls of immolation {unknown}
 B - a scroll of noise {unknown}
 C - a scroll of vulnerability {unknown}
Potions
 e - a potion of might
 g - 2 potions of resistance {unknown}
 i - a potion of heal wounds {unknown}
 m - 3 potions of curing
 n - a potion of flight {unknown}
 s - a potion of mutation {unknown}
 t - a potion of magic
 z - a potion of cancellation {unknown}
 D - a potion of attraction {unknown}


   Skills:
 - Level 3.6 Fighting
 * Level 7.2 Axes
 + Level 2.5 Spellcasting
 * Level 3.0 Conjurations
 - Level 5.0 Fire Magic
 * Level 2.6 Poison Magic


You had 6 spell levels left.
You knew the following spells:

 Your Spells              Type           Power      Damage    Failure   Level
a - Scorch                Fire           30%        2d7       5%          2
b - Mephitic Cloud        Conj/Pois/Air  7%         N/A       36%         3

Your spell library contained the following spells:

 Spells                   Type           Power      Damage    Failure   Level
 Magic Dart               Conj           40%        1d5       8%          1
 Animate Skeleton         Necr           2%         N/A       26%         1
 Apportation              Tloc           2%         N/A       26%         1
 Pain                     Necr           4%         1d4       26%         1
 Summon Small Mammal      Summ           4%         N/A       26%         1
 Call Imp                 Summ           1%         N/A       38%         2
 Stone Arrow              Conj/Erth      12%        3d7       41%         3
 Gell's Gravitas          Tloc           1%         N/A       63%         3
 Teleport Other           Tloc           1%         N/A       63%         3
 Vampiric Draining        Necr           1%         2d6       63%         3
 Animate Armour           Summ/Erth      2%         N/A       95%         4
 Dispersal                Tloc           0%         N/A       100%        6
 Lehudib's Crystal Spear  Conj/Erth      3%         10d2      100%        8


Dungeon Overview and Level Annotations

Branches:
Dungeon (5/15)             Temple (1/1) D:4           Sewer (visited)

Altars:
Ashenzari
Cheibriados
Dithmenos
Elyvilon
Fedhas
Gozag
Hepliaklqana
Kikubaaqudgha
Makhleb
Nemelex Xobeh
Okawaru
Ru
Sif Muna
Trog
Vehumet
Wu Jian
Xom
Yredelemnul
Zin
The Shining One
Jiyva


Message History

Casting: Scorch (safe; 5% risk of failure)
Confirm with . or Enter, or press ? or * to list all spells.
You don't know that spell.
Unknown command.
Unknown command.
Casting: Scorch (safe; 5% risk of failure)
Confirm with . or Enter, or press ? or * to list all spells.
Flames lash something.
Something hits you but does no damage.
A centaur comes into view. It is wielding a +0 short sword.
Unknown command.
Casting: Scorch (safe; 5% risk of failure)
Confirm with . or Enter, or press ? or * to list all spells.
Flames lash something.
Something hits you but does no damage.
The centaur unwields a +0 short sword.
The centaur wields a +0 shortbow.
The centaur shoots an arrow.
The arrow barely misses you.
The centaur shoots an arrow.
The arrow hits you! Something hits you. Something shocks you.
Casting: Scorch (safe; 5% risk of failure)
Confirm with . or Enter, or press ? or * to list all spells.
Flames lash something.
Reactivating autopickup.
You feel a bit more experienced.
The centaur shoots an arrow.
The arrow hits you.
The centaur shoots an arrow.
The arrow hits you!
Your Conjurations skill increases to level 3!
The centaur shoots an arrow.
The arrow hits you!
* * * LOW HITPOINT WARNING * * *
The centaur unwields a +0 shortbow.
The centaur wields a +0 short sword.
The centaur hits you with a +0 short sword.
* * * LOW HITPOINT WARNING * * *
The centaur kicks you but does no damage.
You see here a sky beast corpse.
You hit the centaur.
Your weapon exudes an aura of protection.
The centaur is lightly wounded.
The centaur misses you.
The centaur kicks you but does no damage.
The centaur hits you with a +0 short sword.
* * * LOW HITPOINT WARNING * * *
The centaur kicks you.
You die...

#.. #.. #.. # ######
... ..# .# ###....#
#.... #.##.# ......#
.... #....# #.....#
... #..# #.....+
####.####..# #(....#
........@..# #.....#
#.###...c.#.#
#.....#
..........+.#
###....#
####.?...###
#.'....# ###'#######
#.#....###
#.......###.#.......
#######.#.......#.#.
#.##........#<
#....#########


You could see a centaur.

Vanquished Creatures
  Menkaure (D:4)
  A sky beast (D:5)
  A kobold brigand (Sewer)
  A scorpion (D:4)
  A hound (D:4)
  A bullfrog skeleton (D:4)
  Terence (D:3)
  An iguana (D:4)
  3 orc wizards
  3 adders (D:3)
  A river rat (D:3)
  A white imp (D:3)
  A worm (D:2)
  A dart slug (D:3)
  7 orcs
  11 bats
  4 endoplasms
  6 giant cockroaches
  4 goblins
  5 hobgoblins
  3 quokkas
  8 ball pythons
  5 frilled lizards
  26 kobolds
  11 rats
108 creatures vanquished.

Vanquished Creatures (others)
  3 fungi (Sewer)
  2 plants (Sewer)
5 creatures vanquished.

Grand Total: 113 creatures vanquished

Notes
Turn   | Place    | Note
-------+----------+-------------------------------------------
     0 | D:1      | fragbeetle the Hill Orc Cinder Acolyte began the quest for
                  | the Orb.
     0 | D:1      | Reached XP level 1. HP: 19/19 MP: 2/2
   479 | D:1      | Reached XP level 2. HP: 20/26 MP: 3/3
   488 | D:1      | Learned a level 2 spell: Scorch
  1030 | D:1      | Found a viscous altar of Jiyva.
  1353 | D:1      | Reached XP level 3. HP: 31/31 MP: 4/4
  1879 | D:1      | Found a faded altar of an unknown god.
  3138 | D:3      | Reached skill level 5 in Axes
  3319 | D:3      | Identified the +7 short sword of Plague {vorpal, rElec
                  | Str+3 Int+4 Dex+2}
  3343 | D:3      | Reached XP level 4. HP: 17/39 MP: 6/6
  3454 | D:3      | Identified the +0 leather armour of Cueq {Will+}
  3540 | D:3      | Found a glowing drain.
  3675 | Sewer    | Entered a sewer
  3757 | Sewer    | Reached XP level 5. HP: 45/45 MP: 7/7
  3779 | Sewer    | Learned a level 3 spell: Mephitic Cloud
  3979 | Sewer    | Noticed a kobold brigand
  4000 | Sewer    | Killed a kobold brigand
  4001 | Sewer    | Reached skill level 1 in Conjurations
  4491 | D:3      | Found a snail-covered altar of Cheibriados.
  4662 | D:3      | Noticed Terence
  4665 | D:3      | Killed Terence
  4666 | D:3      | Reached skill level 6 in Axes
  4666 | D:3      | Reached skill level 1 in Poison Magic
  4666 | D:3      | Reached XP level 6. HP: 42/51 MP: 1/9
  5063 | D:4      | Reached skill level 5 in Fire Magic
  5349 | D:4      | Found a staircase to the Ecumenical Temple.
  5360 | Temple   | Entered the Ecumenical Temple
  5713 | D:4      | Found a shimmering blue altar of Sif Muna.
  5862 | D:4      | Noticed Menkaure
  5875 | D:4      | Killed Menkaure
  5876 | D:4      | Reached XP level 7. HP: 57/57 MP: 3/10
  5983 | D:4      | Reached skill level 7 in Axes
  6663 | D:5      | Entered Level 5 of the Dungeon
  6709 | D:5      | HP: 2/57 [centaur (5)]
  6709 | D:5      | Slain by a centaur

Illustrated notes

Levels and vault maps discovered:
D:1:      erik_arrival_cave_to_civilisation [erik_arrival_cave_to_temple],
          layout_basic, hellmonk_ecumenical_altar_prayer_group
D:2:      layout_basic, minmay_misc_feat_tower, hex_intersection, hex_medium
D:3:      layout_loops_ring, mainiacjoe_overflow_concentric_impassable,
          portal_sewer_entry_e, corexii_hall_statues_t, minmay_cupped,
          uniq_terence
D:4:      layout_basic, led_sif_pool, minmay_temple_entry_water_ring,
          uniq_menkaure
D:5:      layout_basic, old_standard_altar
Temple:   dpeg_five_rooms_temple

Skill      XL: |  1  2  3  4  5  6  7 |
---------------+----------------------+-----
Fire Magic     | 4 5 |  5.0
Axes           | 5 6 7 |  7.2
Conjurations   | 1 2 3 |  3.0
Spellcasting   | 2 |  2.5
Poison Magic   | 1 2 |  2.6
Fighting       | |  3.6

Action                   |  1- 3 |  4- 6 |  7- 9 || total
-------------------------+-------+-------+-------++-------
Melee: Hand axe          |   172 |    98 |       ||   270
       Punch             |     3 |       |       ||     3
       Flail             |       |    44 |    12 ||    56
Throw: Boomerang         |       |     3 |       ||     3
 Cast: Scorch            |     1 |    13 |     3 ||    17
  Use: Potion            |       |     3 |       ||     3
Armor: Robe              |    12 |       |       ||    12
       Ring mail         |    41 |     9 |       ||    50
       Leather armour    |       |    42 |    10 ||    52
Dodge: Dodged            |   110 |    96 |     5 ||   211

Table legend: (Time is in decaauts)
 A = Elapsed time spent in this place.
 B = Non-inter-level travel time spent in this place.
 C = Inter-level travel time spent in this place.
 D = Time resting spent in this place.
 E = Time spent auto-exploring this place.
 F = Levels seen in this place.
 G = Mean time per level.
                   A        B        C        D        E       F      G
               +--------+--------+--------+--------+--------+-----+--------+
         Total |   6760 |   6549 |    211 |    582 |   4882 |   7 |  965.7 |
       Dungeon |   5812 |   5650 |    162 |    162 |   4677 |   5 | 1162.4 |
        Temple |    260 |    211 |     49 |      0 |    200 |   1 |  260.0 |
         Sewer |    687 |    687 |      0 |    420 |      4 |   1 |  687.0 |
               +--------+--------+--------+--------+--------+-----+--------+

Top non-repeatable levels by time:
     D:1: 2259 daAuts
     D:4: 1456 daAuts
     D:3: 1177 daAuts
     D:2: 873 daAuts
   Sewer: 687 daAuts
  Temple: 260 daAuts
     D:5: 46 daAuts
